 Dungeon Crawl Stone Soup version 0.19-a0-978-g9f5ef2c (webtiles) character file.

70 FitzyFitz the Vexing (level 4, -5/24 HPs)
             Began as a Kobold Enchanter on July 13, 2016.
             Killed from afar by Natasha (9 damage)
             ... with a magic dart
             ... on level 1 of the Dungeon.
             The game lasted 00:06:25 (1208 turns).

FitzyFitz the Vexing (Kobold Enchanter)             Turns: 1208, Time: 00:06:25

Health: -5/24      AC:  3    Str:  6    XL:     4   Next: 45%
Magic:  5/7        EV: 15    Int: 14    God:
Gold:   86         SH:  0    Dex: 16    Spells: 2 memorised, 4 levels left

rFire  + . .     SeeInvis .     a - +1 dagger
rCold  + . .     Gourm    .     b - +1 robe
rNeg   . . .     Faith    .     (shield restricted)
rPois  +         Spirit   .     (no helmet)
rElec  +         Dismiss  .     (no cloak)
rCorr  +         Reflect  .     (no gloves)
SustAt .         Harm     .     (no boots)
MR     .....                    (no amulet)
Stlth  +++.......               (no ring)
                                (no ring)

@: resistant, flying, very slightly contaminated, not resistant to hostile
enchantments, fairly stealthy
A: carnivore 3
a: no special abilities


You were on level 1 of the Dungeon.
You were completely stuffed.

You visited 1 branch of the dungeon, and saw 2 of its levels.

You collected 86 gold pieces.

Inventory:

Hand Weapons
 a - a +1 dagger (weapon)
 g - a +0 spear
 j - a +0 mace
 o - a cursed -2 short sword
Missiles
 f - 27 stones (quivered)
 i - 61 bolts
 l - 23 sling bullets
Armour
 b - a +1 robe (worn)
 m - a +0 leather armour
Jewellery
 t - an uncursed ring of see invisible {unknown}
Scrolls
 h - a scroll of remove curse {unknown}
 k - a scroll of recharging {unknown}
 p - a scroll of enchant armour {unknown}
 q - a scroll of amnesia {unknown}
Potions
 e - a potion of flight
 s - a potion of curing {unknown}
Books
 c - a book of Maledictions

   Spells                             Type                      Level
   a - Corona                         Hexes                        1
   b - Ensorcelled Hibernation        Hexes/Ice                    2
   c - Confuse                        Hexes                        3
   d - Tukima's Dance                 Hexes                        3
   e - Dazzling Spray                 Conjuration/Hexes            3
Comestibles
 d - a meat ration


   Skills:
 - Level 1.3 Short Blades
 - Level 2.4 Dodging
 - Level 4.0 Stealth
 - Level 2.0 Spellcasting
 + Level 4.9 Hexes


You had 4 spell levels left.
You knew the following spells:

 Your Spells              Type           Power        Failure   Level  Hunger
a - Corona                Hex            ###....      3%          1    ##.....
b - Ensorcelled Hibernat  Hex/Ice        #.....       17%         2    ###....


Dungeon Overview and Level Annotations

Branches:
Dungeon (2/15)

Altars:
Xom

Annotations:
D:1 Natasha


Innate Abilities, Weirdness & Mutations

You are small and have problems with some larger weapons.
You are carnivorous and can eat meat at any time.


Message History

Press: ? - help, Shift-Dir - straight line, f/p - Natasha
Aim: Natasha (chance to defeat MR: 38%) Natasha looks drowsy...
The helpless Natasha fails to defend herself.
You impale Natasha!!
You kill Natasha!
Natasha yowls pathetically as she dies!
You have reached level 4!
You see here a kobold corpse.
There is a stone staircase leading down here.
You start resting.
Natasha, Servant of Life and Death comes into view.
Natasha is nearby!
Natasha is nearby!
Natasha casts a spell at you. The magic dart hits you!
* * * LOW HITPOINT WARNING * * *
Natasha casts a spell at you. The magic dart hits you!
You die...

#.......#....### #..........
#.........##.########..........
#..............................
#..................#....##.....
#.....................#.##.....
#..................##.#.##..>..
#.................###.#.####.##
#.................##..#.# #.#
#####.......÷.@.......#.# #.##
###.#.#...>.....###.#.# #.##
##.....#........## #.#.####...
##............##..# #.#.##.....
###...#.............########.....
...................##......###.##
....#....)........##.^.......####
......#...h.......#....##....##.#
....###...........#....##..÷....#


You could see Natasha.

Vanquished Creatures
  Natasha (D:1)
  2 adders (D:2)
  A giant gecko (D:1)
  4 giant cockroaches
  6 hobgoblins (D:1)
  3 kobolds (D:1)
  3 bats (D:1)
  2 giant newts (D:1)
  2 goblins
  3 rats (D:1)
27 creatures vanquished.

Notes
Turn   | Place    | Note
-------+----------+-------------------------------------------
     0 | D:1      | FitzyFitz the Kobold Enchanter began the quest for the Orb.
     0 | D:1      | Reached XP level 1. HP: 10/10 MP: 3/3
   228 | D:1      | Reached XP level 2. HP: 8/15 MP: 3/5
   372 | D:1      | Learned a level 2 spell: Ensorcelled Hibernation
   383 | D:1      | Found a shimmering altar of Xom.
   680 | D:1      | Reached XP level 3. HP: 11/19 MP: 3/6
   940 | D:2      | Noticed Natasha
  1197 | D:1      | Killed Natasha
  1197 | D:1      | Reached XP level 4. HP: 8/24 MP: 4/7
  1207 | D:1      | Noticed Natasha
  1208 | D:1      | Killed from afar by Natasha

Vault maps used:
D:1:      dpeg_arrival_arbitrary_a, xom_teletrap_fun
D:2:      uniq_natasha

Skill      XL: |  1  2 |
---------------+-------+-----
Hexes          | 4 |  4.9
Short Blades   | |  1.3
Dodging        | |  2.4
Stealth        | |  4.0
Spellcasting   | |  2.0

Action                   |  1- 3 |  4- 6 || total
-------------------------+-------+-------++-------
Melee: Dagger            |    95 |       ||    95
Throw: Stone             |     8 |       ||     8
 Cast: Corona            |     7 |       ||     7
       Ensorcelled Hiber |     8 |       ||     8
  Use: Potion            |     3 |       ||     3
 Stab: Sleeping          |     7 |       ||     7
  Eat: Chunk             |    10 |       ||    10
Armor: Robe              |    21 |       ||    21
Dodge: Dodged            |    79 |       ||    79
